 Dungeon Crawl Stone Soup version 0.18.1-8-gdd0e5ea (webtiles) character file.

10593 nikopol the Basher (level 11, -3/144 (145) HPs)
             Began as a Minotaur Berserker on May 30, 2016.
             Was the Champion of Trog.
             Slain by a six-headed hydra (6 damage)
             ... on level 1 of the Lair of Beasts.
             The game lasted 00:31:45 (9279 turns).

nikopol the Basher (Minotaur Berserker)             Turns: 9279, Time: 00:31:46

HP:   -3/144 (145)  AC: 11    Str: 26    XL:     11   Next: 38%
MP:   10/10         EV: 13    Int:  2    God:    Trog [******]
Gold: 900           SH: 16    Dex: 13    Spells: 0 memorised, 10 levels left

rFire  . . .     SeeInvis +     H - +10 mace "Joame" {elec, rElec MR++ Int-3}
rCold  + . .     Gourm    .     j - +0 scale mail
rNeg   . . .     Faith    .     I - +1 shield
rPois  .         Spirit   .     (helmet restricted)
rElec  +         Dismiss  .     G - +0 cloak
rCorr  .         Reflect  +     F - +0 pair of gloves
SustAt .         Harm     .     (no boots)
MR     ++...                    U - +3 amulet of reflection
Stlth  ..........               (no ring)
                                o - ring of protection from cold

@: berserking (expiring), lethally poisoned (-3 -> -4), very quick, very
resistant to hostile enchantments, extremely unstealthy
A: retaliatory headbutt, horns 2, see invisible
a: Berserk, Trog's Hand, Brothers in Arms, Burn Spellbooks, Renounce Religion


You were on level 1 of the Lair of Beasts.
You worshipped Trog.
Trog was exalted by your worship.
You were hungry.

You visited 2 branches of the dungeon, and saw 10 of its levels.
You also visited: Volcano.

You collected 900 gold pieces.

Inventory:

Hand Weapons
 H - the +10 mace "Joame" (weapon) {elec, rElec MR++ Int-3}
   (You found it on level 4 of the Dungeon)

   Occasionally, upon striking a foe, it will discharge some electrical energy
   and cause terrible harm.
   It affects your intelligence (-3).
   It insulates you from electricity.
   It affects your resistance to hostile enchantments.
Missiles
 v - 4 tomahawks of dispersal
 B - 16 tomahawks (quivered)
Armour
 j - a +0 scale mail (worn)
 F - a +0 pair of gloves (worn)
 G - a +0 cloak (worn)
 I - a +1 shield (worn)
Jewellery
 o - a ring of protection from cold (left hand)
 T - an uncursed amulet of guardian spirit
 U - a +3 amulet of reflection (around neck)
Wands
 C - a wand of heal wounds (9/9)
 N - a wand of digging (15/24)
 Q - a wand of flame (26/48)
Scrolls
 d - 3 scrolls of magic mapping
 f - a scroll of identify
 g - 5 scrolls of recharging
 k - 5 scrolls of remove curse
 l - a scroll of blinking
 w - 3 scrolls of teleportation
 P - a scroll of enchant armour
Potions
 a - a potion of berserk rage {unknown}
 e - 6 potions of heal wounds
 h - 2 potions of might
 i - a potion of cure mutation
 r - 4 potions of curing
 s - 3 potions of resistance
 t - 2 potions of lignification
 u - a potion of magic {unknown}
 E - a potion of degeneration {unknown}
 V - a potion of haste
 W - a potion of cancellation {unknown}
Comestibles
 b - 2 chunks of flesh
 c - 6 bread rations
 x - 2 slices of pizza
 z - 5 meat rations
 O - 8 fruits


   Skills:
 + Level 9.0 Fighting
 * Level 9.5 Maces & Flails
   Level 7.2 Polearms
 + Level 4.6 Throwing
 + Level 9.3 Armour
 + Level 8.2 Dodging
 * Level 9.1 Shields


You had 10 spell levels left.
You didn't know any spells.

Dungeon Overview and Level Annotations

Branches:
Dungeon (9/15)             Temple (0/1) D:7            Lair (1/8) D:9
    Orc: D:9-12

Altars:
Elyvilon
Gozag
Nemelex Xobeh
Okawaru
Qazlal
Vehumet

Shops:
D:7 =


Innate Abilities, Weirdness & Mutations

You reflexively headbutt those who attack you in melee.
You have a pair of horns on your head.
You have supernaturally acute eyesight.


Message History

The six-headed hydra bites you but does no damage.
The six-headed hydra barely misses you.
The six-headed hydra bites you but does no damage.
You block the six-headed hydra's attack. x2
The six-headed hydra bites you!
* * * LOW HITPOINT WARNING * * *
The yak barely misses you. You furiously retaliate!
You headbutt the yak!
You kill the yak!
Trog accepts your kill.
You completely miss the six-headed hydra.
Your headbutt misses the six-headed hydra.
The six-headed hydra is severely wounded.
You block the basilisk's attack. The yak gores you.
* * * LOW HITPOINT WARNING * * *
You thump the six-headed hydra!
The six-headed hydra is severely wounded.
The six-headed hydra misses you.
The six-headed hydra bites you but does no damage.
The six-headed hydra bites you.
You die...

#......* #P........,,
#......* #.........,,
#......* #.........,,
#......## #..†......,,
#.......#####...........
#...H........†..........
##.......................
#P.....lD................
*#......@Y...........P...
##.......†...............
#........................
*#......##P####..........
#......#### *#.........
#......# #...P.....
#......# #.........
#......# #......#.#
#......# ##......#..


You could see a six-headed hydra, a yak, a hippogriff and a basilisk.

Vanquished Creatures
  The ghost of Rationalist the Nimble, a novice MiBe of Trog (D:8)
  2 sphinx skeletons (Volcano)
  2 black mambas (Lair:1)
  2 komodo dragons (Lair:1)
  A guardian mummy (Volcano)
  Grinder (D:4)
  3 blink frogs (Lair:1)
  2 flying skulls (Volcano)
  A vampire (Volcano)
  8 yaks
  2 hippogriffs
  A hill giant skeleton (Volcano)
  2 wargs (D:9)
  2 water moccasins
  A merfolk skeleton (Volcano)
  A porcupine (Lair:1)
  4 ice beasts
  2 orc warriors
  A black bear (D:8)
  A necrophage (D:7)
  7 ogres
  3 centaurs
  The ghost of buf2 the Bolt Thrower, an amateur HuHu (D:3)
  A crocodile (Lair:1)
  A big kobold (D:8)
  5 giant frogs
  A gnoll sergeant (D:5)
  A wyvern zombie (D:9)
  2 scorpions
  A troll skeleton (Volcano)
  5 howler monkeys
  2 crimson imps
  2 hounds (D:9)
  A quasit (D:8)
  7 orc priests
  A jelly (D:9)
  6 orc wizards
  Crazy Yiuf (D:4)
  3 giant frog skeletons
  2 iguanas
  Jessica (D:3)
  2 centaur skeletons
  A two-headed ogre skeleton (Volcano)
  4 worker ants
  A killer bee zombie (D:6)
  2 naga skeletons (Volcano)
  3 ogre skeletons (Volcano)
  A hound skeleton (D:7)
  A hound zombie (D:5)
  4 mummies (Volcano)
  A howler monkey zombie (D:9)
  2 worker ant zombies
  45 gnolls (D:5)
  A howler monkey skeleton (D:7)
  9 adders
  2 shadow imps
  3 oozes
  An adder skeleton (D:4)
  2 worms
  A dart slug (D:3)
  6 giant geckos
  48 orcs
  6 bats
  6 giant cockroaches
  7 hobgoblins
  23 jackals
  7 kobolds
  4 quokkas
  4 giant newts
  16 goblins
  A jackal skeleton (D:4)
  5 rats
313 creatures vanquished.

Vanquished Creatures (others)
  An orc wizard (D:9)
  A kobold (D:8)
2 creatures vanquished.

Grand Total: 315 creatures vanquished

Notes
Turn   | Place    | Note
--------------------------------------------------------------
     0 | D:1      | nikopol the Minotaur Berserker began the quest for the Orb.
     0 | D:1      | Reached XP level 1. HP: 19/19 MP: 0/0
   259 | D:1      | Reached XP level 2. HP: 27/27 MP: 1/1
   840 | D:2      | Reached ** piety under Trog
   840 | D:2      | Reached XP level 3. HP: 33/33 MP: 2/2
  1048 | D:2      | Found a white marble altar of Elyvilon.
  1194 | D:2      | Found a radiant altar of Vehumet.
  1204 | D:2      | Found an opulent altar of Gozag.
  1207 | D:2      | Found a stormy altar of Qazlal.
  1512 | D:3      | Reached XP level 4. HP: 41/41 MP: 3/3
  1596 | D:3      | Noticed buf2's ghost (amateur HuHu)
  1606 | D:3      | Killed buf2's ghost
  1606 | D:3      | Reached XP level 5. HP: 47/47 MP: 4/4
  1628 | D:3      | Reached skill level 5 in Fighting
  1678 | D:3      | Reached *** piety under Trog
  1886 | D:3      | Noticed Jessica
  1895 | D:3      | Killed Jessica
  2177 | D:4      | Noticed an ogre
  2179 | D:4      | Reached skill level 5 in Polearms
  2185 | D:4      | Reached XP level 6. HP: 56/56 MP: 5/5
  2231 | D:4      | Reached skill level 5 in Armour
  2387 | D:4      | Reached XP level 7. HP: 62/62 MP: 6/6
  2741 | D:4      | Reached **** piety under Trog
  2807 | D:4      | Noticed Grinder
  2822 | D:4      | Killed Grinder
  2886 | D:4      | Identified the Compendium of Cold and Summoning
  3031 | D:4      | Noticed Crazy Yiuf
  3039 | D:4      | Killed Crazy Yiuf
  3048 | D:4      | Got a polished mace
  3049 | D:4      | Identified the +10 mace "Joame" {elec, rElec MR++ Int-3} (You found it on level 4 of the Dungeon)
  3224 | D:5      | Entered Level 5 of the Dungeon
  3313 | D:5      | Reached skill level 1 in Maces & Flails
  3313 | D:5      | Reached skill level 5 in Dodging
  3313 | D:5      | Reached skill level 1 in Shields
  3313 | D:5      | Reached XP level 8. HP: 71/71 MP: 7/7
  3385 | D:5      | Found an iron altar of Okawaru.
  4114 | D:5      | Reached ***** piety under Trog
  4851 | D:6      | Reached skill level 1 in Throwing
  5028 | D:6      | Reached XP level 9. HP: 78/78 MP: 8/8
  5529 | D:7      | Found Eqintiar's Jewellery Shop.
  5746 | D:7      | Reached skill level 5 in Maces & Flails
  5959 | D:7      | Found a staircase to the Ecumenical Temple.
  6052 | D:7      | Found a sparkling altar of Nemelex Xobeh.
  6176 | D:8      | Received a gift from Trog
  6176 | D:8      | Reached skill level 5 in Shields
  6447 | D:8      | Noticed Rationalist's ghost (novice MiBe)
  6453 | D:8      | Killed Rationalist's ghost
  6457 | D:8      | Reached XP level 10. HP: 87/87 MP: 9/9
  6768 | D:9      | Found a staircase to the Lair.
  6786 | D:9      | Reached ****** piety under Trog
  7759 | D:9      | Received a gift from Trog
  7828 | D:9      | Gained mutation: You have supernaturally acute eyesight. [potion of beneficial mutation]
  8131 | Lair:1   | Entered Level 1 of the Lair of Beasts
  8131 | Lair:1   | Noticed a black mamba
  8138 | Lair:1   | Killed a black mamba
  8205 | Lair:1   | Found a dark tunnel.
  8212 | Volcano  | Entered a volcano
  8372 | Volcano  | Reached XP level 11. HP: 78/94 MP: 10/10
  9262 | Lair:1   | Noticed a six-headed hydra
  9277 | Lair:1   | HP: 6/144 [six-headed hydra (8)]
  9278 | Lair:1   | HP: 2/144 [yak (4)]
  9279 | Lair:1   | Slain by a six-headed hydra

Skill      XL: |  1  2  3  4  5  6  7  8  9 10 11 |
---------------+----------------------------------+-----
Fighting       | 4 5 6 7 8 9 |  9.0
Armour         | 3 4 5 6 7 8 9 |  9.3
Polearms       | 4 5 6 7 |  7.2
Dodging        | 3 4 5 6 7 8 |  8.2
Maces & Flails | 1 4 6 8 9 |  9.5
Shields        | 1 3 6 8 9 |  9.1
Throwing       | 1 2 4 |  4.6

Action                   |  1- 3 |  4- 6 |  7- 9 | 10-12 || total
-------------------------+-------+-------+-------+-------++-------
Melee: Spear             |   134 |   120 |    61 |       ||   315
       Headbutt          |    16 |    22 |    35 |    49 ||   122
       Mace              |       |       |   265 |   236 ||   501
Throw: Tomahawk          |       |       |     3 |     7 ||    10
Invok: Berserk           |     1 |     1 |     3 |     3 ||     8
       Burn Spellbooks   |       |       |     2 |     1 ||     3
  Use: Scroll            |       |       |       |    23 ||    23
       Potion            |       |       |       |     1 ||     1
  Eat: Chunk             |     1 |     6 |    14 |     9 ||    30
       Pizza             |       |       |     1 |       ||     1
       Beef jerky        |       |       |       |     2 ||     2
Armor: Animal skin       |     1 |       |       |       ||     1
       Leather armour    |    10 |       |       |       ||    10
       Scale mail        |    23 |    27 |   107 |    63 ||   220
Dodge: Dodged            |    50 |    54 |   130 |   111 ||   345
Block: Shield            |       |       |   144 |   160 ||   304
       Reflection        |       |       |     2 |     4 ||     6
